 Dungeon Crawl Stone Soup version 0.25.1-2-g60ff931df9 (webtiles) character file.

Game seed: 3173038315690844740

55 DildoBatman the Conjurer (level 4, 0/30 HPs)
             Began as a Formicid Wizard on Sept 11, 2020.
             Slain by a gnoll
             ... wielding a +0 halberd
              (9 damage)
             ... on level 3 of the Dungeon.
             The game lasted 00:04:32 (2655 turns).

DildoBatman the Conjurer (Formicid Wizard)          Turns: 2655, Time: 00:04:33

Health: 0/30       AC:  2    Str: 12    XL:     4   Next: 14%
Magic:  8/8        EV: 12    Int: 18    God:
Gold:   122        SH:  0    Dex:  9    Spells: 8/9 levels left

rFire    + . .     SeeInvis +   m - +0 short sword
rCold    x . .     Gourm    .   (no shield)
rNeg     + . .     Faith    .   a - +0 robe
rPois    .         Spirit   .   (helmet unavailable)
rElec    .         Reflect  .   (no cloak)
rCorr    .         Harm     .   (no gloves)
MR       .....                  (no boots)
Stlth    ++........             (no amulet)
HPRegen  0.10/turn              p - ring of fire
MPRegen  0.11/turn              n - ring of positive energy

@: no status effects
A: permanent stasis, dig shafts and tunnels, four strong arms, antennae 3
a: Dig, Shaft Self


You were on level 3 of the Dungeon.
You were hungry.

You visited 1 branch of the dungeon, and saw 3 of its levels.

You collected 122 gold pieces.

Inventory:

Hand Weapons
 h - a +0 club
 l - a +0 whip
 m - a +0 short sword (weapon)
Missiles
 b - 60 stones
 g - 5 boomerangs (quivered)
 i - 19 bolts
 r - 33 sling bullets
Armour
 a - a +0 robe (worn)
 e - a +2 ring mail of cold resistance
Jewellery
 n - a ring of positive energy (right hand)
 o - an uncursed ring of fire
 p - a ring of fire (left hand)
Scrolls
 c - 3 scrolls of identify {unknown}
 f - a scroll of magic mapping {unknown}
 k - a scroll of amnesia {unknown}
 s - a scroll of enchant armour {unknown}
Potions
 d - 2 potions of brilliance {unknown}
 j - a potion of might {unknown}
 q - a potion of flight {unknown}
Comestibles
 t - a chunk of flesh
 v - 4 rations


   Skills:
 - Level 1.7 Dodging
 - Level 2.4 Stealth
 - Level 3.2 Spellcasting
 * Level 3.3 Conjurations
   Level 1.0 Summonings
   Level 0.8 Translocations


You had 8 spell levels left.
You knew the following spells:

 Your Spells              Type           Power        Failure   Level  Hunger
c - Magic Dart            Conj           ##..         4%          1    None

Your spell library contained the following spells:

 Spells                   Type           Power        Failure   Level  Hunger
 Call Imp                 Summ           #.......     16%         2    ##.....
 Slow                     Hex            #.......     24%         2    ##.....
 Conjure Flame            Conj/Fire      ##......     24%         3    ###....
 Mephitic Cloud           Conj/Pois/Air  #.......     30%         3    ###....
 Blink                    Tloc           Unusable     N/A         2    N/A

Dungeon Overview and Level Annotations

Branches:
Dungeon (3/15)

Altars:
Sif Muna
Vehumet


Innate Abilities, Weirdness & Mutations

You cannot be hasted, slowed, berserked, paralysed or teleported.
You can dig through walls and to a lower floor.
Your four strong arms can wield two-handed weapons with a shield.
You have a pair of large antennae on your head. (SInv)


Message History

You shout for attention!
The gnoll hits you with a +0 halberd.
A gnoll comes into view. It is wielding a +0 halberd.
What are your orders? t - Shout!
Orders for allies: a - Attack new target. r - Retreat! s - Stop attacking. g - Guard the area. f - Follow me.
Anything else - Cancel.
You shout for attention!
The gnoll closely misses you. What are your orders? t - Shout!
Orders for allies: a - Attack new target. r - Retreat! s - Stop attacking. g - Guard the area. f - Follow me.
Anything else - Cancel.
You shout for attention!
The gnoll hits you with a +0 halberd!
You die... #..[.#.# ## ###†.#.# #≈ #..#.# ##≈# ###..#.# .≈.## #....#.# ≈.g# #.#.##.# gl#

#.#..... #g#
#.##.#.# #@#
#.##.#.. #.##### #
#.##.#.# #.....#
#.#.##.#.#
##.##.###.#..#.#.#
#...........#.#.#
#..###'###..#.#.#
#..# #.# #.##g#.#
##.# #.###.# #.#
#.+.._^.'.# .#.#


You could see 3 gnolls and a leopard gecko.

Vanquished Creatures
  2 adders
  2 dart slugs
  An orc (D:3)
  5 giant cockroaches
  4 goblins
  2 hobgoblins (D:1)
  3 jackals (D:1)
  4 bats
  A frilled lizard (D:1)
  4 kobolds
  4 rats
32 creatures vanquished.

Notes
Turn   | Place    | Note
-------+----------+-------------------------------------------
     0 | D:1      | DildoBatman the Formicid Wizard began the quest for the
                  | Orb.
     0 | D:1      | Reached XP level 1. HP: 13/13 MP: 4/4
    99 | D:1      | Reached skill level 1 in Conjurations
   492 | D:1      | Reached XP level 2. HP: 19/19 MP: 0/6
  1075 | D:1      | Reached XP level 3. HP: 24/24 MP: 4/7
  1881 | D:2      | Found a shimmering blue altar of Sif Muna.
  2413 | D:3      | Found a radiant altar of Vehumet.
  2502 | D:3      | Reached XP level 4. HP: 23/30 MP: 1/8
  2655 | D:3      | Slain by a gnoll

Illustrated notes

Levels and vault maps discovered:
D:1:      mrwooster_arrival_statue_3, layout_basic, serial_corexii_hall,
          chequers_hall_statues_wall_a, chequers_hall_statues_wall_a
D:2:      layout_basic, lemuel_blue_sif_altar, chequers_serial_rivers_large_b
D:3:      layout_basic, minitemple, lemuel_doored_altar, first_ration,
          chequers_serial_rivers_micro_a, cheibrodos_ashenzari_chains

Skill      XL: |  1  2  3 |
---------------+----------+-----
Conjurations   | 1 2 3 |  3.3
Dodging        | |  1.7
Stealth        | |  2.4
Spellcasting   | |  3.2
Summonings     | |  1.0
Translocations | |  0.8

Action                   |  1- 3 |  4- 6 || total
-------------------------+-------+-------++-------
Melee: Unarmed           |    14 |       ||    14
       Short sword       |     1 |     1 ||     2
Throw: Boomerang         |    12 |       ||    12
 Cast: Magic Dart        |    98 |     1 ||    99
 Abil: Dig               |     1 |     7 ||     8
  Eat: Chunk             |     5 |       ||     5
Armor: Robe              |    14 |     1 ||    15
Dodge: Dodged            |    42 |     6 ||    48
